fakie, neutral male human Wizard --------- |.......| |.....<.| |........# ---------# # # # # # ## #--.--------- #|..II.>....| #|...^......| #....I......| ------------ fakie the Conjurer Experience level: 3 Strength: 12 Dexterity: 15 Constitution: 11 Intelligence: 18 Wisdom: 8 Charisma: 11 Health: 0(23) Energy: 32(32) Def: 1 Gold: 172 Moves: 1497 Dungeon seed: gv3EGvmaEGdyg5Q5 Game ID: fakie_1525709297 Your Inventory: Coins $ - 172 gold pieces Weapons a - a blessed +1 quarterstaff (weapon in hands) Armor e - an uncursed +0 cloak of magic resistance (being worn) q - an uncursed +1 orcish helm y - an uncursed +0 scale mail Comestibles s - 3 uncursed food rations Scrolls i - an uncursed scroll of enchant weapon j - an uncursed scroll of enchant armor k - a blessed scroll of taming n - a blessed scroll of confuse monster Spellbooks l - a blessed spellbook of force bolt m - an uncursed spellbook of sleep Potions f - an uncursed potion of blindness g - an uncursed potion of fruit juice h - an uncursed potion of water u - a cursed potion of oil v - a potion of holy water Rings c - an uncursed ring of see invisible d - an uncursed ring of stealth Wands b - a wand of cold (0:8) Boulders/Statues r - an uncursed statue of a grid bug Spells and supernatural/magical abilities: Name Level Category Fail Memory a - force bolt 1 attack 0% 93% z - sleep 1 enchantment 0% 93% W - pray for help -- divine ? -- Your skills at the end: Fighting Skills Weapon Skills quarterstaff [Basic] Spellcasting Skills attack spells [Basic] enchantment spells [Basic] Final Attributes: You were haltingly aligned. You were magic-protected. You were blinded. You are dead. Vanquished creatures: 2 iguanas 2 giant rats a cave spider a yellow mold 2 geckos 5 jackals a fox a goblin 3 sewer rats 7 grid bugs 2 lichens a kobold zombie 3 newts 31 creatures vanquished. Voluntary challenges: You were an atheist. You used a wielded weapon 29 times, starting on turn 15. You were illiterate. You never genocided any monsters. You never polymorphed an object. You never changed form. You used no wishes. You never split a pudding. You never wrote Elbereth's name. You violated your moral code, losing 1 point of alignment, starting on turn 1497. Dungeon overview: The Dungeons of Doom: levels 1 to 5 Level 1 some altars to Ptah and Anhur, a fountain a long staircase Level 2 Level 3 Level 4 Level 5 <- You were here History has recorded: On T:1 you entered the Dungeons of Doom to retrieve the Amulet of Yendor! On T:223 you advanced to experience level 2. On T:466 you reached level 2 of The Dungeons of Doom. On T:475 you reached level 4 of The Dungeons of Doom. On T:1334 you advanced to experience level 3. On T:1379 you reached level 3 of The Dungeons of Doom. On T:1436 you reached level 5 of The Dungeons of Doom. Score breakdown: Gold: 172 ( 7613 points) Experience: 3 levels ( 7878 points) Exploration: 5 levels ( 9.80%) ( 8485 points) Discoveries: 0 items ( 0.00%) ( 0 points) Valuables value: (no points given unless you survive) Artifact value: 0 ( 0 points) Variety of kills: 13 monsters ( 3.41%) ( 5541 points) Turncount: 1497 turns ( 0 points) Survival: died (score multiplied by 80%) Total score: 23613 Latest messages: This giant rat corpse tastes terrible! You finish eating the giant rat corpse. The floating eye glares at you. You manage to look away just in time; but that disturbs your aim, and you miss. You see here a food ration. s - a food ration. You hear water falling on coins. You see here a scale mail. You have a little trouble lifting y - a scale mail. Your movements are slowed slightly because of your load. This lichen corpse tastes terrible! You finish eating the lichen corpse. The little dog bites! You are momentarily blinded by a flash of light! It bites! (4x) It screams! Wait! There's something there you can't see! It bites! You die... The statue of a grid bug is empty. Final status: Goodbye fakie the Wizard, killed by a guardian naga hatchling... You died in The Dungeons of Doom on dungeon level 5 with 23613 points, and 172 pieces of gold, after 1497 moves. You were level 3 with a maximum of 23 hit points when you died.